 Dungeon Crawl Stone Soup version 0.29-a0-222-g5b244fca1f (webtiles) character file.

Game seed: 17349387148530174982

161 siradein the Skirmisher (level 5, -1/46 HPs)
             Began as a Ghoul Fighter on Feb 28, 2022.
             Slain by a scorpion (4 damage)
             ... on level 4 of the Dungeon.
             The game lasted 00:06:54 (2709 turns).

siradein the Skirmisher (Ghoul Fighter)             Turns: 2709, Time: 00:06:54

Health: -1/46      AC: 10    Str: 22    XL:     5   Next: 42%
Magic:  4/4        EV:  9    Int:  3    God:
Gold:   142        SH:  5    Dex: 14    Spells: 4/4 levels left

rFire   . . .      SeeInvis .   a - +0 long sword
rCold   + . .      Faith    .   c - +0 buckler
rNeg    + + +      Spirit   .   r - +2 scale mail {rPois}
rPois   ∞          Reflect  .   i - +0 helmet
rElec   .          Harm     .   (no cloak)
rCorr   +          Rampage  .   (no gloves)
Will    .....                   (no boots)
Stlth   ..........              (no amulet)
HPRegen 0.00/turn               t - +6 ring of dexterity
MPRegen 0.09/turn               l - ring of resist corrosion

@: inhibited regen
A: claws 1, cold resistance 1, negative energy resistance 3, inhibited
regeneration, torment resistance 2
a: no special abilities


You were on level 4 of the Dungeon.
You visited 1 branch of the dungeon, and saw 4 of its levels.

You collected 142 gold pieces.

Inventory:

Hand Weapons
 a - a +0 long sword (weapon)
Missiles
 j - 5 boomerangs (quivered)
Armour
 c - a +0 buckler (worn)
 i - a +0 helmet (worn)
 r - a +2 scale mail of poison resistance (worn)
Jewellery
 b - a ring of flight
 l - a ring of resist corrosion (right claw)
 t - a +6 ring of dexterity (left claw)
Scrolls
 g - a scroll of immolation
 q - a scroll of enchant weapon {unknown}
 u - a scroll of noise {unknown}
 v - a scroll of fog {unknown}
Potions
 d - a potion of might
 e - a potion of haste
 f - a potion of attraction
 k - a potion of curing {unknown}
 m - a potion of brilliance {unknown}
 n - a potion of ambrosia {unknown}
 o - 3 potions of berserk rage {unknown}
 w - a potion of degeneration {unknown}
 x - a potion of invisibility {unknown}


   Skills:
 + Level 4.3 Fighting
 + Level 2.9 Long Blades
 + Level 3.5 Armour
 + Level 3.5 Shields


You had 4 spell levels left.
You didn't know any spells.
Your spell library was empty.

Dungeon Overview and Level Annotations

Branches:
Dungeon (4/15)
 Temple: D:4-7

Altars:
Vehumet
Yredelemnul

Annotations:
D:3 2 runed translucent doors, Crazy Yiuf


Innate Abilities, Weirdness & Mutations

You thrive by killing the living.
You are immune to poison.
You have sharp fingernails.
Your flesh is cold resistant. (rC+)
You are immune to negative energy. (rN+++)
You do not regenerate when monsters are visible.
You are immune to unholy pain and torment.


Message History

The crimson imp disappears in a puff of smoke!
You block Natasha's attack.
The crimson imp hits you but does no damage.
You slash Natasha!
You kill Natasha!
Natasha screams in fury as she dies!
The crimson imp disappears in a puff of smoke!
As you read the scroll labelled SUILUS QOSUDULYPU, it crumbles to dust.
A profound silence engulfs you.
It was a scroll of silence.
The scorpion stings you but does no damage.
You block the iguana's attack. The scorpion barely misses you.
Magic scrolls do not work when you're silenced!
It was a potion of cancellation.
Your magical effects are unravelling.
You feel magically purged.
Your hearing returns.
The scorpion's inner flame fades away.
The iguana bites you!
The scorpion stings you but does no damage.
You barely miss the scorpion. You block the iguana's attack.
The scorpion stings you but does no damage.
You barely miss the scorpion. The scorpion completely misses you.
The iguana bites you! The scorpion stings you.
* * * LOW HITPOINT WARNING * * *
The iguana bites you.
* * * LOW HITPOINT WARNING * * *
You hit the scorpion.
The scorpion is moderately wounded.
The scorpion closely misses you.
The iguana bites you but does no damage.
You hit the scorpion but do no damage.
The scorpion is moderately wounded.
You block the scorpion's attack. The iguana closely misses you.
The scorpion stings you.
* * * LOW HITPOINT WARNING * * *
You slash the scorpion!
The scorpion is severely wounded.
The iguana bites you.
* * * LOW HITPOINT WARNING * * *
You block the scorpion's attack. The scorpion stings you.
You die...

**,,,,,,,,,* *,,*****,
,,,********* *,,,,,,,, ****
*,******, ####**,* *, #..,,,,* *,
#.#**********, ##.## *,,,,, *****
*##########^..## *,***, ,,,,*
*......l@s.....### *,* *, ,,,,*
*.########.......# *,* *,
,,,,*****,*,,,,,*#.....#.# *,# *,
<,,,,,,,,,,,,,,.##....##.###.###,
,,,,*****,*,,,..................,
*<*** *,*,,.......§........#***
,,* *,*,,...##.###.#§##### *,*
*,***.##*#.# #.#.# *,*
*,**,,,**#.# #.#.######**


You could see a scorpion and an iguana.

Vanquished Creatures
  An orc wizard (D:3)
  Natasha (D:4)
  4 adders
  A worm (D:2)
  2 dart slugs (D:3)
  5 orcs (D:3)
  2 ball pythons
  6 bats
  6 endoplasms
  5 giant cockroaches
  2 goblins
  9 hobgoblins
  A quokka (D:1)
  6 frilled lizards
  4 kobolds
  6 rats
61 creatures vanquished.

Notes
Turn   | Place    | Note
-------+----------+-------------------------------------------
     0 | D:1      | siradein the Ghoul Fighter began the quest for the Orb.
     0 | D:1      | Reached XP level 1. HP: 19/19 MP: 0/0
   299 | D:1      | Reached XP level 2. HP: 17/26 MP: 1/1
   664 | D:1      | Reached XP level 3. HP: 31/31 MP: 2/2
  1083 | D:2      | Found a faded altar of an unknown god.
  1364 | D:2      | Found a radiant altar of Vehumet.
  1421 | D:2      | Reached XP level 4. HP: 40/40 MP: 3/3
  1633 | D:3      | Found a runed translucent door.
  1633 | D:3      | Noticed a human
  1641 | D:3      | Found a basalt altar of Yredelemnul.
  1685 | D:3      | Reached skill level 4 in Fighting
  1984 | D:3      | Reached XP level 5. HP: 39/46 MP: 4/4
  2220 | D:3      | Found a runed translucent door.
  2221 | D:3      | Noticed Crazy Yiuf
  2683 | D:4      | Noticed Natasha
  2702 | D:4      | Killed Natasha
  2709 | D:4      | Slain by a scorpion

Illustrated notes

Levels and vault maps discovered:
D:1:      wander_arrival_peaceful_grave, layout_rooms
D:2:      layout_rooms, basic_altar, basic_ecumenical_altar
D:3:      layout_loops_ring, dk_yredelemnul_ordeal, uniq_crazy_yiuf_cottage
D:4:      gammafunk_steamed_eel, layout_loops_ring,
          grunt_temple_overflow_diamond, uniq_natasha

Skill      XL: |  1  2  3  4 |
---------------+-------------+-----
Long Blades    | 2 |  2.9
Shields        | 3 |  3.5
Armour         | 3 |  3.5
Fighting       | 4 |  4.3

Action                   |  1- 3 |  4- 6 || total
-------------------------+-------+-------++-------
Melee: Long sword        |   138 |    93 ||   231
  Use: Scroll            |     1 |     5 ||     6
       Potion            |       |     1 ||     1
Armor: Scale mail        |    62 |    44 ||   106
       Chain mail        |    46 |    32 ||    78
Dodge: Dodged            |    66 |    25 ||    91
Block: Buckler           |    35 |    23 ||    58

Table legend: (Time is in decaauts)
 A = Elapsed time spent in this place.
 B = Non-inter-level travel time spent in this place.
 C = Inter-level travel time spent in this place.
 D = Time resting spent in this place.
 E = Time spent auto-exploring this place.
 F = Levels seen in this place.
 G = Mean time per level.
                   A        B        C        D        E       F      G
               +--------+--------+--------+--------+--------+-----+--------+
         Total |   2780 |   2673 |    107 |      0 |   2040 |   4 |  695.0 |
       Dungeon |   2780 |   2673 |    107 |      0 |   2040 |   4 |  695.0 |
               +--------+--------+--------+--------+--------+-----+--------+

Top non-repeatable levels by time:
     D:3: 1082 daAuts
     D:1: 850 daAuts
     D:2: 770 daAuts
     D:4: 77 daAuts
